 Dungeon Crawl Stone Soup version 0.25.1-2-g60ff931df9 (webtiles) character file.

Game seed: 899671532758371054

3488 Delamore the Basher (level 10, -5/59 HPs)
             Began as a Gargoyle Fighter on Aug 31, 2020.
             Was a Follower of Okawaru.
             Slain by a two-headed ogre
             ... wielding a +0 giant spiked club
              (8 damage)
             ... on level 8 of the Dungeon.
             The game lasted 00:08:48 (9726 turns).

Delamore the Basher (Gargoyle Fighter)              Turns: 9726, Time: 00:08:49

Health: -5/59      AC: 20    Str: 28    XL:     10   Next: 7%
Magic:  10/10      EV:  5    Int: 10    God:    Okawaru [*.....]
Gold:   426        SH: 10    Dex:  9    Spells: 9/9 levels left

rFire    . . .     SeeInvis .   a - +0 flail
rCold    . . .     Gourm    .   c - +0 kite shield
rNeg     + . .     Faith    .   i - +0 plate armour
rPois    ∞         Spirit   .   u - +0 helmet
rElec    +         Reflect  .   (no cloak)
rCorr    .         Harm     .   (no gloves)
MR       +....                  (no boots)
Stlth    ..........             w - amulet of magic regeneration
HPRegen  0.19/turn              C - ring of protection from magic
MPRegen  0.37/turn              p - +6 ring of strength

@: no status effects
A: negative energy resistance 1, electricity resistance, unbreathing,
petrification resistance, rot immunity, AC +7
a: Heroism, Renounce Religion


You were on level 8 of the Dungeon.
You worshipped Okawaru.
Okawaru was aware of your devotion.
You were not hungry.

You visited 2 branches of the dungeon, and saw 10 of its levels.

You collected 481 gold pieces.
You spent 55 gold pieces at shops.

Inventory:

Hand Weapons
 a - a +0 flail (weapon)
Missiles
 q - an atropa-tipped dart
 r - 4 silver javelins (quivered)
 t - 8 javelins
Armour
 b - a +0 scale mail
 c - a +0 kite shield (worn)
 i - a +0 plate armour (worn)
 u - a +0 helmet (worn)
 A - a +0 chain mail
Jewellery
 p - a +6 ring of strength (right hand)
 w - an amulet of magic regeneration (around neck)
 y - an uncursed ring of flight
 C - a ring of protection from magic (left hand)
 D - a cursed ring of protection from magic
Wands
 v - a wand of random effects (13)
 B - a wand of flame (9)
Scrolls
 e - a scroll of fear
 j - 3 scrolls of remove curse
 l - a scroll of blinking
 m - 4 scrolls of magic mapping
 o - a scroll of noise
 x - 4 scrolls of teleportation
 E - a scroll of amnesia {unknown}
 F - a scroll of vulnerability {unknown}
Potions
 d - a potion of might
 g - 3 potions of stabbing
 h - 2 potions of curing
 k - 2 potions of flight
 n - 2 potions of haste
 s - a potion of brilliance {unknown}
 z - a potion of invisibility {unknown}
Comestibles
 f - 5 rations


   Skills:
 - Level 5.0 Fighting
 + Level 12.5 Maces & Flails
 - Level 5.0 Armour
 - Level 5.0 Shields


You had 9 spell levels left.
You didn't know any spells.
Your spell library was empty.

Dungeon Overview and Level Annotations

Branches:
Dungeon (9/15)             Temple (1/1) D:7
   Lair: D:8-11         Orc: D:9-12

Altars:
Ashenzari
Cheibriados
Dithmenos
Elyvilon
Fedhas
Hepliaklqana
Kikubaaqudgha
Makhleb
Nemelex Xobeh
Okawaru
Qazlal
Ru
Sif Muna
Trog
Uskayaw
Vehumet
Wu Jian
Xom
Yredelemnul
Zin
The Shining One

Shops:
D:6 :[!=[


Innate Abilities, Weirdness & Mutations

You are resistant to torment.
Your stone body is resilient. (AC +7)
You are immune to poison.
You resist negative energy. (rN+)
You are resistant to electric shocks. (rElec)
You can survive without breathing.
You are immune to petrification.
You are immune to rotting.


Message History

You hit the two-headed ogre.
The two-headed ogre is moderately wounded.
The two-headed ogre hits you with a +0 giant spiked club!
You block the two-headed ogre's attack.
You hit the two-headed ogre but do no damage.
The two-headed ogre is moderately wounded.
Your plate armour prevents you from hitting the two-headed ogre.
The two-headed ogre is moderately wounded.
You block the two-headed ogre's attack. x2
You sock the two-headed ogre!
The two-headed ogre is heavily wounded.
You hit the two-headed ogre but do no damage.
The two-headed ogre is heavily wounded.
The two-headed ogre hits you with a +0 giant spiked club!!
* * * LOW HITPOINT WARNING * * *
The two-headed ogre hits you but does no damage.
Your shield and plate armour prevent you from hitting the two-headed ogre.
The two-headed ogre is heavily wounded.
The two-headed ogre hits you with a +0 giant spiked club!
You die...

...#....##.....##.###.....#
......(....####...###.....#
.....#<##.####..###.......#
..........###..##
#.#.....######
.##....##...#.##
#.#.#.........
####....#.#.#.# .
#........... ##
##.....########. #...........
.## #######≈≈≈..###
#........... ..#
######.####.@O# ###.........
#)###...#.##
+##≈≈(..##......<.
....#.###.# ####.(#...≈####
....#.###.#.....# ##..≈##
........#.#.≈.≈.# #....#
..#.....#≈#.P≈..#.....##.(≈+
..#######≈#(≈$:.#PP.P.###..#
...######≈#≈≈;≈≈#.PPP!# #.≈##
.......##≈##≈≈≈##≈%)./####.≈#


You could see a two-headed ogre.

Vanquished Creatures
  Sigmund (D:3)
  A wraith (D:8)
  2 orc warriors (D:7)
  2 ice beasts
  3 sky beasts
  A black bear (D:8)
  4 ogres
  2 centaurs (D:8)
  2 big kobolds (D:7)
  4 bullfrogs
  A scorpion (D:4)
  4 killer bees (D:8)
  4 crimson imps
  2 bullfrog zombies
  3 jellies
  4 hounds
  2 bullfrog skeletons
  A centaur skeleton (D:5)
  4 orc priests
  A gnoll shaman (D:6)
  2 iguanas
  3 orc wizards
  6 worker ants
  A hound skeleton (D:5)
  11 gnolls
  A worker ant zombie (D:6)
  10 adders
  An adder zombie (D:6)
  3 oozes
  6 worms
  2 dart slugs (D:1)
  5 leopard geckos
  31 orcs
  5 bats
  6 giant cockroaches
  11 goblins
  4 hobgoblins
  8 jackals
  14 kobolds
  4 quokkas
  2 ball pythons
  7 frilled lizards
  A leopard gecko zombie (D:6)
  2 quokka skeletons (D:5)
  5 rats
199 creatures vanquished.

Notes
Turn   | Place    | Note
-------+----------+-------------------------------------------
     0 | D:1      | Delamore the Gargoyle Fighter began the quest for the Orb.
     0 | D:1      | Reached XP level 1. HP: 14/14 MP: 1/1
     2 | D:1      | Noticed a naga
     4 | D:1      | Noticed a vine stalker
     4 | D:1      | Noticed a human
     6 | D:1      | Noticed a dwarf
     6 | D:1      | Noticed an elf
     8 | D:1      | Noticed a minotaur
     8 | D:1      | Noticed a tengu
    10 | D:1      | Noticed a merfolk
    12 | D:1      | Noticed a formicid
    12 | D:1      | Noticed a felid
    14 | D:1      | Noticed a halfling
    16 | D:1      | Noticed a ghoul
    16 | D:1      | Noticed a demonspawn
    18 | D:1      | Noticed a gargoyle
    20 | D:1      | Noticed an ogre
    20 | D:1      | Noticed a demigod
    22 | D:1      | Noticed a vampire
    22 | D:1      | Noticed a spriggan
    24 | D:1      | Noticed a draconian
    24 | D:1      | Noticed a troll
    26 | D:1      | Noticed a centaur
    26 | D:1      | Noticed an octopode
    59 | D:1      | Reached XP level 2. HP: 17/19 MP: 2/2
   395 | D:1      | Reached XP level 3. HP: 23/23 MP: 3/3
   870 | D:2      | Reached XP level 4. HP: 29/29 MP: 4/4
  1782 | D:3      | Noticed Sigmund
  2261 | D:3      | Killed Sigmund
  2261 | D:3      | Reached skill level 3 in Maces & Flails
  2261 | D:3      | Reached XP level 5. HP: 16/34 MP: 5/5
  2261 | D:3      | Reached XP level 6. HP: 19/39 MP: 6/6
  3594 | D:4      | Reached skill level 5 in Armour
  3606 | D:4      | Reached skill level 5 in Fighting
  3606 | D:4      | Reached skill level 5 in Shields
  3609 | D:4      | Reached skill level 4 in Maces & Flails
  3638 | D:4      | Reached XP level 7. HP: 29/44 MP: 7/7
  4403 | D:5      | Entered Level 5 of the Dungeon
  4512 | D:5      | Reached skill level 5 in Maces & Flails
  5268 | D:6      | Reached skill level 6 in Maces & Flails
  5321 | D:6      | Found Feymigo's Book Emporium.
  5325 | D:6      | Found Utey's Distillery.
  5334 | D:6      | Bought a potion of heal wounds for 55 gold pieces
  5437 | D:6      | Reached XP level 8. HP: 14/49 MP: 8/8
  5508 | D:6      | Reached skill level 7 in Maces & Flails
  5978 | D:6      | Found Hiom Uha's Armour Boutique.
  6084 | D:6      | Found Beqon's Jewellery Boutique.
  6116 | D:6      | Reached skill level 8 in Maces & Flails
  6345 | D:6      | Found Xaledd's Antique Armour Boutique.
  6579 | D:6      | Reached skill level 9 in Maces & Flails
  6951 | D:7      | Reached XP level 9. HP: 39/54 MP: 9/9
  7202 | D:7      | Reached skill level 10 in Maces & Flails
  7747 | D:7      | Found a staircase to the Ecumenical Temple.
  7769 | Temple   | Entered the Ecumenical Temple
  7874 | Temple   | Became a worshipper of Warmaster Okawaru
  8187 | D:8      | Reached skill level 11 in Maces & Flails
  8676 | D:8      | Reached * piety under Okawaru
  9127 | D:9      | Reached skill level 12 in Maces & Flails
  9424 | D:8      | Reached XP level 10. HP: 59/59 MP: 10/10
  9713 | D:8      | Noticed a two-headed ogre
  9726 | D:8      | Slain by a two-headed ogre

Illustrated notes

Levels and vault maps discovered:
D:1:      kb_arrival_jail, layout_rooms
D:2:      layout_basic
D:3:      layout_basic, first_ration, chequers_serial_rivers_micro_a,
          grunt_ministairs_4, uniq_sigmund
D:4:      layout_basic, minmay_misc_feat_tower, abandoned_shop
D:5:      layout_loops_ring
D:6:      layout_loops_ring, serial_shops, shop, shop_fountains, shop,
          nicolae_shop_crystal, kennysheep_mini, kennysheep_generic_room_15
D:7:      layout_loops_cross, temple_hall, kennysheep_generic_room_5
D:8:      cheibrodos_two_vegetables, layout_rooms,
          hangedman_little_slice_of_home
D:9:      layout_roguey, old_standard_altar, serial_park_tiny_pond,
          chequers_serial_rivers_marsh, uniq_joseph, uniq_pikel
Temple:   compressed_dpeg_circular_temple

Skill      XL: |  1  2  3  4  5  6  7  8  9 |
---------------+----------------------------+-----
Armour         | 4 5 |  5.0
Fighting       | 4 5 |  5.0
Shields        | 4 5 |  5.0
Maces & Flails | 3 4 6 9 12 | 12.5

Action                   |  1- 3 |  4- 6 |  7- 9 | 10-12 || total
-------------------------+-------+-------+-------+-------++-------
Melee: Flail             |   157 |   215 |   668 |    42 ||  1082
Throw: Javelin           |       |    15 |     7 |     2 ||    24
       Dart              |       |       |     2 |       ||     2
  Use: Scroll            |       |       |    11 |       ||    11
       Potion            |       |       |     3 |       ||     3
 Stab: Invisible         |       |       |     1 |       ||     1
  Eat: Chunk             |       |     6 |    18 |       ||    24
       Ration            |       |     1 |       |     1 ||     2
Armor: Scale mail        |   129 |   127 |   184 |       ||   440
       Plate armour      |       |       |   178 |    20 ||   198
       Chain mail        |       |       |    35 |       ||    35
Dodge: Dodged            |    62 |    71 |   161 |     4 ||   298
Block: Kite shield       |   106 |   126 |   393 |    14 ||   639
